 Dungeon Crawl Stone Soup version 0.30-a0-140-gd1020e658a (webtiles) character file.

Game seed: 1750485290282109456

612 qw the Chopper (level 7, -1/44 HPs)
             Began as a Gargoyle Fighter on Sept 24, 2022.
             Slain by Edmund
             ... wielding a +3 dire flail of distortion
              (5 damage)
             ... on level 4 of the Dungeon.
             The game lasted 00:01:47 (4002 turns).

qw the Chopper (Gargoyle Fighter)                   Turns: 4002, Time: 00:01:47

Health: -1/44      AC: 18    Str: 21    XL:     7   Next: 44%
Magic:  7/7        EV:  5    Int: 13    God:
Gold:   122        SH:  4    Dex:  9    Spells: 6/6 levels left

rFire   + . .      SeeInvis .    Y - +4 war axe
rCold   . . .      Faith    .    c - +0 buckler
rNeg    + . .      Spirit   .    n - +1 plate armour
rPois   inf        Reflect  .    f - +0 helmet
rElec   +          Harm     .    (no cloak)
rCorr   .          Rampage  +    (no gloves)
Will    +....                    (no boots)
Stlth   ..........               g - amulet "Cuwu" {Acrobat Contam Rampage rPois Int+4}
HPRegen 0.14/turn                m - ring of willpower
MPRegen 0.10/turn                h - ring of protection from fire

@: no status effects
A: sickness immunity, AC +4, negative energy resistance 1, electricity
resistance, torment resistance 1, petrification resistance
a: no special abilities


You were on level 4 of the Dungeon.
You visited 1 branch of the dungeon, and saw 4 of its levels.

You collected 122 gold pieces.


Innate Abilities, Weirdness & Mutations

You are immune to sickness and miasma.
Your stone body is resilient. (AC +4)
You are immune to poison.
You resist negative energy. (rN+)
You are resistant to electric shocks. (rElec)
You are resistant to unholy torment.
You are immune to petrification.


   Skills:
 - Level 4.6 Fighting
 + Level 6.5 Axes
 - Level 4.0 Armour
 - Level 3.2 Shields


You had 6 spell levels left.
You didn't know any spells.
Your spell library was empty.

Inventory:

Hand Weapons
 k - a +0 flail
 Y - a +4 war axe (weapon)
Armour
 c - a +0 buckler (worn)
 f - a +0 helmet (worn)
 l - the +3 helmet "Panycesk" {Will+}
   (You took it off Robin on level 4 of the Dungeon)

   Will:      It increases your willpower.
 n - a +1 plate armour (worn)
Jewellery
 g - the amulet "Cuwu" (around neck) {Acrobat Contam Rampage rPois Int+4}
   (You acquired it on level 2 of the Dungeon)

   [amulet of the acrobat]

   It increases your evasion while moving and waiting.
   Int:       It affects your intelligence (+4).
   rPois:     It protects you from poison.
   Contam:    It causes magical contamination when unequipped.
   Rampage:   It bestows one free step when moving towards enemies.
 h - a ring of protection from fire (right hand)
 m - a ring of willpower (left hand)
Scrolls
 a - a scroll of identify
 i - a scroll of immolation {unknown}
Potions
 b - a potion of mutation
 d - a potion of might
 e - a potion of haste
 j - a potion of resistance {unknown}
 o - 3 potions of lignification
 p - a potion of curing

Dungeon Overview and Level Annotations

Branches:
Dungeon (4/15)
 Temple: D:4-7

Altars:
Fedhas
Ru
Zin

Shops:
D:3 *

Annotations:
D:3 1 runed translucent door, Crazy Yiuf, Grinder
D:4 Edmund


Message History

The black bear claws you but does no damage.
You block the black bear's attack. The black bear barely misses you.
The black bear claws you but does no damage.
You slash the black bear!
You kill the black bear!
You start resting.
A ball python comes into view.
The ball python hisses angrily.
You slash the ball python!
You kill the ball python!
You start resting.
HP restored.
You see here a hobgoblin corpse.
Found a stone staircase leading down.
Enter note:
o - 3 potions of lignification (gained 2)
You now have 122 gold pieces (gained 12).
Edmund the Younger comes into view.
He is wielding a +3 dire flail of distortion.
Edmund shouts!
Enter note: You slash Edmund!
Edmund is lightly wounded.
Edmund hits you but does no damage.
Edmund hits you with a +3 dire flail of distortion.
Space warps horribly around you!
You slash Edmund!
Edmund is heavily wounded.
Edmund completely misses you.
You slash Edmund!
Edmund is severely wounded.
Edmund hits you with a +3 dire flail of distortion.
Space warps horribly around you!
You slash Edmund!
Edmund is almost dead.
Edmund drinks a potion.
Edmund is healed!
You barely miss Edmund.
Edmund is severely wounded.
Edmund hits you with a +3 dire flail of distortion.
Space warps around you.
You die...

...#......##
.....##....#
.>#..##.##.#
......#...##
.##....##..#
..#....#.###
.#####......#
.....##.....#
#..@@....####
####........#
##.......#
#....#..#
#....##.###
#######...#
##..# ####


You could see Edmund.

Vanquished Creatures
  Duvessa (D:4)
  A black bear (D:4)
  An ogre (D:4)
  Dowan (D:4)
  An orc priest (D:3)
  Natasha (thrice) (D:4)
  Robin (D:4)
  5 adders
  An ufetubus (D:4)
  3 worms (D:2)
  3 dart slugs
  4 orcs
  9 ball pythons
  7 endoplasms
  5 giant cockroaches
  14 goblins
  10 hobgoblins
  7 jackals
  8 kobolds
  7 bats
  5 frilled lizards
  7 rats
104 creatures vanquished.

Vanquished Creatures (others)
  23 plants
23 creatures vanquished.

Grand Total: 127 creatures vanquished

Notes
Turn   | Place    | Note
-------+----------+-------------------------------------------
     0 | D:1      | qw the Gargoyle Fighter began the quest for the Orb.
     0 | D:1      | Reached XP level 1. HP: 14/14 MP: 1/1
     0 | D:1      | 0 ||| qw: Version: 0.1.0-9-gbc19398
     0 | D:1      | 0 ||| qw: Game counter: 21
     0 | D:1      | 0 ||| qw: Always use a shield: true
     0 | D:1      | 0 ||| qw: God list: Okawaru
     0 | D:1      | 0 ||| qw: Allow faded altars: false
     0 | D:1      | 0 ||| qw: Do Orc after D:15 true
     0 | D:1      | 0 ||| qw: Do second Lair branch before Depths: true
     0 | D:1      | 0 ||| qw: Lair rune preference: random
     0 | D:1      | 0 ||| qw: Plans: Normal, Zot:1-4, God:TSO, Crypt, Tomb,
                  | Pan, Slime:5, Hells, Abyss, Orb
     0 | D:1      | 0 ||| PLANNING D:1-11
    62 | D:1      | Reached skill level 2 in Axes
   227 | D:1      | Reached XP level 2. HP: 15/19 MP: 2/2
   484 | D:1      | 484 ||| UPGRADING to +0 chain mail.
   494 | D:1      | 494 ||| DROPPING +0 scale mail.
   495 | D:1      | 495 ||| UPGRADING to +0 plate armour.
   505 | D:1      | 505 ||| DROPPING +0 chain mail.
   506 | D:1      | 506 ||| DROPPING ring of wizardry.
   507 | D:1      | 507 ||| UPGRADING to ring of willpower.
   508 | D:1      | 508 ||| READING scroll labelled ZOEGOWN OFAX.
   509 | D:1      | 509 ||| READING scroll labelled JIBOXT SAFI.
   510 | D:1      | 510 ||| READING scroll labelled DUTIRO TAGIYV.
   511 | D:1      | 511 ||| Stepping randomly (stuck).
   513 | D:1      | 513 ||| Stepping randomly (stuck).
   514 | D:1      | 514 ||| Stepping randomly (stuck).
   515 | D:1      | 515 ||| Stepping randomly (stuck).
   516 | D:1      | 516 ||| Stepping randomly (stuck).
   517 | D:1      | 517 ||| Stepping randomly (stuck).
   518 | D:1      | 518 ||| Stepping randomly (stuck).
   519 | D:1      | 519 ||| Stepping randomly (stuck).
   520 | D:1      | 520 ||| Stepping randomly (stuck).
   521 | D:1      | 521 ||| Stepping randomly (stuck).
   522 | D:1      | 522 ||| Stepping randomly (stuck).
   523 | D:1      | 523 ||| Stepping randomly (stuck).
   525 | D:1      | 525 ||| Stepping randomly (stuck).
   526 | D:1      | 526 ||| Stepping randomly (stuck).
   527 | D:1      | 527 ||| Stepping randomly (stuck).
   528 | D:1      | 528 ||| Stepping randomly (stuck).
   529 | D:1      | 529 ||| Stepping randomly (stuck).
   530 | D:1      | 530 ||| Stepping randomly (stuck).
   531 | D:1      | 531 ||| Stepping randomly (stuck).
   532 | D:1      | 532 ||| Stepping randomly (stuck).
   533 | D:1      | 533 ||| Stepping randomly (stuck).
   544 | D:1      | 544 ||| Stepping randomly (stuck).
   554 | D:1      | Reached skill level 3 in Axes
   590 | D:1      | Reached XP level 3. HP: 23/23 MP: 3/3
   796 | D:1      | You fall into a shaft and drop 1 floor!
  1047 | D:2      | 1047 ||| Stepping ~*~*~tactically~*~*~ (stealth).
  1048 | D:2      | 1048 ||| Stepping ~*~*~tactically~*~*~ (stealth).
  1086 | D:2      | 1086 ||| Stepping ~*~*~tactically~*~*~ (hiding).
  1331 | D:1      | Reached XP level 4. HP: 28/28 MP: 4/4
  1425 | D:1      | 1425 ||| DRINKING 2 orange potions.
  1426 | D:1      | 1426 ||| READING 2 scrolls of identify.
  1426 | D:1      | 1426 ||| IDENTIFYING fizzy inky potion
  1438 | D:2      | Found a blossoming altar of Fedhas.
  1439 | D:2      | 1439 ||| STAIRDANCE
  1491 | D:2      | Found a faded altar of an unknown god.
  1561 | D:2      | Reached skill level 4 in Axes
  1561 | D:2      | 1561 ||| FLEEEEING.
  1562 | D:2      | 1562 ||| FLEEEEING.
  1563 | D:2      | 1563 ||| FLEEEEING.
  1564 | D:2      | 1564 ||| FLEEEEING.
  1567 | D:2      | 1567 ||| FLEEEEING.
  1568 | D:2      | 1568 ||| FLEEEEING.
  1569 | D:2      | 1569 ||| FLEEEEING.
  1570 | D:2      | 1570 ||| FLEEEEING.
  1571 | D:2      | 1571 ||| FLEEEEING.
  1572 | D:2      | 1572 ||| FLEEEEING.
  1573 | D:2      | 1573 ||| FLEEEEING.
  1574 | D:2      | 1574 ||| FLEEEEING.
  1575 | D:2      | 1575 ||| FLEEEEING.
  1576 | D:2      | 1576 ||| FLEEEEING.
  1577 | D:2      | 1577 ||| FLEEEEING.
  1578 | D:2      | 1578 ||| FLEEEEING.
  1579 | D:2      | 1579 ||| FLEEEEING.
  1580 | D:2      | 1580 ||| STAIRDANCE
  1618 | D:1      | 1618 ||| READING 2 scrolls of identify.
  1618 | D:1      | 1618 ||| IDENTIFYING clear potion
  1619 | D:1      | 1619 ||| DROPPING potion of brilliance.
  1734 | D:2      | 1734 ||| READING scroll of enchant armour.
  1734 | D:2      | 1734 ||| ENCHANTING +0 plate armour.
  1857 | D:2      | 1857 ||| Stepping ~*~*~tactically~*~*~ (stealth).
  2053 | D:2      | 2053 ||| UPGRADING to +0 helmet.
  2058 | D:2      | 2058 ||| READING scroll labelled PARUWN ZYRIA.
  2058 | D:2      | Identified a scroll of acquirement
  2058 | D:2      | 2058 ||| ACQUIRING amulet "Cuwu" {Acrobat Contam Rampage
                  | rPois Int+4}
  2058 | D:2      | Acquired the amulet "Cuwu" {Acrobat Contam Rampage rPois
                  | Int+4}
  2060 | D:2      | 2060 ||| UPGRADING to amulet "Cuwu" {Acrobat Contam Rampage
                  | rPois Int+4}.
  2065 | D:2      | 2065 ||| READING scroll labelled AJAETUJEKHLY.
  2168 | D:3      | 2168 ||| Stepping ~*~*~tactically~*~*~ (stealth).
  2232 | D:3      | 2232 ||| Stepping ~*~*~tactically~*~*~ (stealth).
  2244 | D:3      | Reached XP level 5. HP: 10/32 MP: 5/5
  2244 | D:3      | 2244 ||| FLEEEEING.
  2245 | D:3      | 2245 ||| FLEEEEING.
  2472 | D:3      | 2472 ||| DROPPING +0 whip.
  2503 | D:3      | Found Zin's Purification Station.
  2506 | D:3      | Found a glowing silver altar of Zin.
  2509 | D:3      | 2509 ||| SHOPLISTING potion of curing (90 gold, have 84).
  2542 | D:3      | 2542 ||| Stepping ~*~*~tactically~*~*~ (stealth).
  2544 | D:3      | 2544 ||| Stepping ~*~*~tactically~*~*~ (stealth).
  2657 | D:3      | Reached skill level 5 in Axes
  2686 | D:3      | Noticed Grinder
  2689 | D:3      | 2689 ||| FLEEEEING.
  2693 | D:3      | 2693 ||| FLEEEEING.
  2694 | D:3      | 2694 ||| FLEEEEING.
  2702 | D:3      | 2702 ||| STAIRDANCE
  2755 | D:2      | 2755 ||| UPGRADING to ring of protection from fire.
  2756 | D:2      | 2756 ||| READING scroll labelled DOTISH LIONISM.
  2757 | D:2      | 2757 ||| READING scroll labelled GOCVI DUAB.
  2758 | D:2      | 2758 ||| READING scroll labelled KUOPLA KUSAIKHEXTI.
  2759 | D:2      | 2759 ||| READING 2 scrolls of identify.
  2759 | D:2      | 2759 ||| IDENTIFYING bubbling black potion
  2849 | D:3      | 2849 ||| READING 3 scrolls of enchant weapon.
  2849 | D:3      | 2849 ||| ENCHANTING +1 war axe.
  2850 | D:3      | 2850 ||| READING 2 scrolls of enchant weapon.
  2850 | D:3      | 2850 ||| ENCHANTING +2 war axe.
  2851 | D:3      | 2851 ||| READING scroll of enchant weapon.
  2851 | D:3      | 2851 ||| ENCHANTING +3 war axe.
  2879 | D:3      | Found a runed translucent door.
  2880 | D:3      | Noticed Crazy Yiuf
  3042 | D:3      | Found a sacrificial altar of Ru.
  3349 | D:4      | Noticed an ogre
  3357 | D:4      | HP: 6/32 [ogre/+0 giant club (17)]
  3358 | D:4      | Killed an ogre
  3359 | D:4      | Reached XP level 6. HP: 7/39 MP: 6/6
  3608 | D:4      | Noticed Natasha
  3616 | D:4      | Killed Natasha
  3672 | D:4      | 3672 ||| Stepping ~*~*~tactically~*~*~ (stealth).
  3673 | D:4      | 3673 ||| Stepping ~*~*~tactically~*~*~ (stealth).
  3676 | D:4      | 3676 ||| Stepping ~*~*~tactically~*~*~ (stealth).
  3684 | D:4      | 3684 ||| Stepping ~*~*~tactically~*~*~ (stealth).
  3685 | D:4      | 3685 ||| Stepping ~*~*~tactically~*~*~ (stealth).
  3686 | D:4      | Noticed Duvessa
  3688 | D:4      | Noticed Dowan
  3689 | D:4      | 3689 ||| Stepping ~*~*~tactically~*~*~ (hiding).
  3690 | D:4      | 3690 ||| Stepping ~*~*~tactically~*~*~ (hiding).
  3691 | D:4      | Noticed Natasha
  3692 | D:4      | 3692 ||| Stepping ~*~*~tactically~*~*~ (hiding).
  3696 | D:4      | 3696 ||| Stepping ~*~*~tactically~*~*~ (hiding).
  3697 | D:4      | 3697 ||| Stepping ~*~*~tactically~*~*~ (hiding).
  3701 | D:4      | Killed Duvessa
  3706 | D:4      | Killed Dowan
  3707 | D:4      | Reached skill level 6 in Axes
  3707 | D:4      | Reached XP level 7. HP: 34/44 MP: 7/7
  3713 | D:4      | Killed Natasha
  3714 | D:4      | Identified the +3 helmet "Panycesk" {Will+}
  3714 | D:4      | Noticed Robin
  3715 | D:4      | 3715 ||| Stepping ~*~*~tactically~*~*~ (stealth).
  3735 | D:4      | Noticed Natasha
  3738 | D:4      | Killed Natasha
  3742 | D:4      | 3742 ||| Stepping ~*~*~tactically~*~*~ (hiding).
  3750 | D:4      | Killed Robin
  3992 | D:4      | Noticed Edmund
  4000 | D:4      | HP: 8/44 [Edmund/+3 dire flail of distortion (14)]
  4002 | D:4      | Slain by Edmund

Levels and vault maps discovered:
D:1:      scummos_arrival_star, layout_basic, hangedman_decor_clover_reticule,
          serial_bayou_lagoon_a, grunt_decor_cap
D:2:      layout_basic, dreamdust_ecumenical_altar_angels_and_demons,
          basic_altar
D:3:      layout_loops_ring, mainiacjoe_overflow_alcove_1, zin_purify,
          nicolae_concentric_dashed_squares_mild, roderic_cross_of_infinity,
          serial_bayou_pond_c, kennysheep_generic_room_16, uniq_grinder,
          uniq_crazy_yiuf_cottage
D:4:      layout_rooms, hangedman_minor_gate_pass, uniq_duvessa, uniq_robin,
          uniq_edmund, uniq_natasha

Skill      XL: |  1  2  3  4  5  6  7 |
---------------+----------------------+-----
Axes           | 2 3 4 5 6 |  6.5
Fighting       | 4 |  4.6
Armour         | 4 |  4.0
Shields        | |  3.2

Action                   |  1- 3 |  4- 6 |  7- 9 || total
-------------------------+-------+-------+-------++-------
Melee: War axe           |    95 |   125 |    39 ||   259
  Use: Scroll            |     3 |    12 |       ||    15
       Potion            |       |     1 |       ||     1
Armor: Scale mail        |     9 |       |       ||     9
       Plate armour      |    30 |    91 |    21 ||   142
Dodge: Dodged            |    28 |    36 |    10 ||    74
Block: Buckler           |    17 |    29 |     7 ||    53

Table legend:
 A = Non-vault XP
 B = Vault XP
 C = Vault XP percentage of total XP
 D = Non-vault monster count
 E = Vault monster count
 F = Vault count percentage of total count
                 A         B        C        D         E       F
            +---------+---------+-------+---------+---------+-------
      Total |     576 |     299 |  34.2 |      85 |      19 |  18.3
            +---------+---------+-------+---------+---------+-------
        D:1 |      55 |       0 |   0.0 |      30 |       0 |   0.0
        D:2 |      76 |       0 |   0.0 |      24 |       0 |   0.0
        D:3 |      91 |      16 |  15.0 |      19 |       3 |  13.6
        D:4 |     354 |     283 |  44.4 |      12 |      16 |  57.1
            +---------+---------+-------+---------+---------+-------
